 Dungeon Crawl Stone Soup version 0.31.0-11-ge490571c62 (webtiles) character file.

Game seed: 3320352131982688802

41 Minsecho the Shield-Bearer (level 3, -2/30 HPs)
             Began as a Formicid Fighter on Feb 7, 2024.
             Succumbed to Robin's poison
             ... on level 1 of the Dungeon.
             The game lasted 00:01:00 (629 turns).

Minsecho the Shield-Bearer (Formicid Fighter)        Turns: 629, Time: 00:01:01

Health: -2/30      AC:  7    Str: 22    XL:     3   Next: 75%
Magic:  3/3        EV:  9    Int:  7    God:
Gold:   44         SH:  5    Dex: 13    Spells: 2/2 levels left

rFire   . . .        a - +0 war axe
rCold   . . .        c - +0 buckler
rNeg    . . .        b - +0 scale mail
rPois   .            (helmet unavailable)
rElec   .            (no cloak)
rCorr   .            (no gloves)
SInv    +            (no boots)
Will    .....        (no amulet) Stlth
                     (no ring)
HPRegen 0.25/turn    (no ring)
MPRegen 0.08/turn

%: no passive effects
@: lethally poisoned (-2 -> -17)
A: permanent stasis, dig shafts and tunnels, antennae 3, four strong arms
a: Dig, Shaft Self


You were on level 1 of the Dungeon.
You visited 1 branch of the dungeon, and saw 2 of its levels.

You collected 44 gold pieces.

Inventory:

Hand Weapons
 a - a +0 war axe (weapon)
Armour
 b - a +0 scale mail (worn)
 c - a +0 buckler (worn)
Scrolls
 f - a scroll of teleportation {unknown}
Potions
 d - a potion of might
 e - a potion of degeneration {unknown}
 g - a potion of mutation {unknown}


   Skills:
 + Level 3.9 Fighting
 + Level 2.4 Axes
 + Level 3.8 Armour
 + Level 4.3 Shields


You had 2 spell levels left.
You didn't know any spells.
Your spell library was empty.

Dungeon Overview and Level Annotations

Branches:
Dungeon (2/15)

Altars:

Annotations:
D:1 Robin


Innate Abilities, Weirdness & Mutations

You cannot be hasted, slowed, berserked, paralysed or teleported.
You can dig through walls and to a lower floor.
You have a pair of large antennae on your head. (SInv)
Your four strong arms can wield two-handed weapons with a shield.


Message History

You kill the hobgoblin!
The goblin shoots a sling bullet.
The sling bullet hits you but does no damage.
You hit Robin but do no damage. Robin hits you but does no damage.
You are poisoned.
The goblin shoots a sling bullet.
The sling bullet hits you but does no damage.
Robin barely misses you.
You hit the adder.
The adder is moderately wounded.
You closely miss Robin.
You feel very sick. You block the adder's attack.
The goblin shoots a sling bullet.
The sling bullet barely misses you. The adder barely misses you.
Robin closely misses you.
You barely miss the adder.
The adder is moderately wounded.
You hit Robin.
You feel very sick. You block the adder's attack. Robin closely misses you.
The goblin shoots a sling bullet.
The sling bullet misses you. The adder bites you but does no damage.
You hit the adder but do no damage.
The adder is moderately wounded.
You closely miss Robin.
You feel sick.
Robin hits you with a +2 dagger of venom.
You are more poisoned.
You block the adder's attack.
The goblin shoots a sling bullet.
The sling bullet hits you.
Robin hits you with a +2 dagger of venom.
You are more poisoned.
The adder barely misses you.
The goblin shoots a sling bullet.
You block the sling bullet.
* * * LOW HITPOINT WARNING * * *
You feel very sick. The adder closely misses you.
Robin hits you but does no damage.
The goblin shoots a sling bullet.
The sling bullet hits you.
* * * LOW HITPOINT WARNING * * *
You climb upwards.
You die...

########
#####......#
#@S.#.####.#
#)g##.#.##.#######
#.....#...........
#.##..#.###.#####.
#.......#.......#.
###.#####.......#.#.
#..(###.......#.#.#.
#.......#.#.###.#.#.
#...##..#.......#.#.


You could see Robin and an adder.

Vanquished Creatures
  An adder (D:1)
  A dart slug (D:1)
  2 endoplasms (D:1)
  7 goblins
  6 hobgoblins
  6 ball pythons (D:1)
  A bat (D:1)
  A frilled lizard (D:1)
  2 kobolds (D:1)
  2 rats (D:1)
29 creatures vanquished.

Notes
Turn   | Place    | Note
-------+----------+-------------------------------------------
     0 | D:1      | Minsecho the Formicid Fighter began the quest for the Orb.
     0 | D:1      | Reached XP level 1. HP: 18/18 MP: 1/1
   199 | D:1      | Reached XP level 2. HP: 24/24 MP: 2/2
   587 | D:2      | Noticed Robin
   594 | D:1      | Reached XP level 3. HP: 29/29 MP: 3/3
   629 | D:1      | Succumbed to Robin's poison

Illustrated notes

Levels and vault maps discovered:
D:1:      amcnicky_arrival_single_pillar, layout_basic
D:2:      layout_rooms, serial_shops, nicolae_shop_tiny_waterfront,
          ebering_ecumenical_altar_box, uniq_robin

Action                     || total
---------------------------++-------
  Melee: War axe           ||    56
 Armour: Scale mail        ||    64
  Dodge: Dodged            ||    41
  Block: Buckler           ||    21
